 Dungeon Crawl Stone Soup version 0.28.0-53-g5a82cb258f (webtiles) character file.

Game seed: 11223451513488434491

11 H0rd4k the Charlatan (level 2, -1/21 HPs)
             Began as a Human Artificer on May 31, 2022.
             Slain by a hobgoblin (4 damage)
             ... on level 1 of the Dungeon.
             The game lasted 00:00:39 (572 turns).

H0rd4k the Charlatan (Human Artificer)               Turns: 572, Time: 00:00:39

Health: -1/21      AC:  3    Str: 12    XL:     2   Next: 40%
Magic:  2/2        EV: 11    Int: 11    God:
Gold:   0          SH:  0    Dex: 13    Spells: 1/1 levels left

rFire   . . .      SeeInvis .   a - +0 club
rCold   . . .      Faith    .   (no shield)
rNeg    . . .      Spirit   .   b - +0 leather armour
rPois   .          Reflect  .   (no helmet)
rElec   .          Harm     .   g - scarf {repulsion}
rCorr   .          Rampage  .   (no gloves)
Will    .....                   (no boots)
Stlth   +.........              (no amulet)
HPRegen 0.07/turn               (no ring)
MPRegen 0.08/turn               (no ring)

@: repel missiles
A: no striking features
a: no special abilities


You were on level 1 of the Dungeon.
You visited 1 branch of the dungeon, and saw 1 of its levels.

Inventory:

Hand Weapons
 a - a +0 club (weapon)
Armour
 b - a +0 leather armour (worn)
 g - a scarf of repulsion (worn)
 h - a scarf of shadows
Wands
 c - a wand of flame (13) (quivered)
 d - a wand of charming (15)
Scrolls
 f - a scroll of summoning {unknown}
Miscellaneous
 e - a piece from Xom's chessboard (15/15)


   Skills:
 + Level 1.0 Fighting
 + Level 0.2 Maces & Flails
 + Level 2.4 Armour
 + Level 1.0 Dodging
 + Level 1.0 Stealth
 + Level 3.3 Evocations


You had one spell level left.
You didn't know any spells.
Your spell library contained the following spells:

 Spells                   Type           Power      Damage    Failure   Level
 Ensorcelled Hibernation  Hex/Ice        0%         N/A       56%         2
 Spider Form              Tmut/Pois      0%         N/A       80%         3
 Anguish                  Hex/Necr       0%         N/A       99%         4


Dungeon Overview and Level Annotations

Branches:
Dungeon (1/15)

Altars:


Message History

You see here a scarf of shadows.
h - a scarf of shadows You closely miss the giant cockroach.
The giant cockroach bites you but does no damage. x2
You hit the giant cockroach.
You kill the giant cockroach!
You see here a giant cockroach corpse.
A hobgoblin comes into view.
A hobgoblin is nearby!
You are too injured to fight recklessly!
A hobgoblin is nearby!
You are too injured to fight recklessly!
A hobgoblin is nearby!
You are too injured to fight recklessly!
You are too injured to fight recklessly!
The hobgoblin shouts!
You barely miss the hobgoblin. The hobgoblin hits you.
* * * LOW HITPOINT WARNING * * *
You hit the hobgoblin but do no damage. Your punch misses the hobgoblin.
The hobgoblin hits you.
* * * LOW HITPOINT WARNING * * *
The hobgoblin hits you but does no damage.
You hit the hobgoblin but do no damage.
The hobgoblin hits you but does no damage.
You hit the hobgoblin.
The hobgoblin is lightly wounded.
The hobgoblin closely misses you.
You hit the hobgoblin.
The hobgoblin is moderately wounded.
The hobgoblin closely misses you.
You closely miss the hobgoblin.
The hobgoblin is moderately wounded.
The hobgoblin barely misses you. The hobgoblin completely misses you.
You hit the hobgoblin.
The hobgoblin is almost dead.
The hobgoblin hits you but does no damage.
You closely miss the hobgoblin.
The hobgoblin is almost dead.
The hobgoblin hits you.
You die...

..#...###†.## #...#
...#..# ##.## #...#
.#....## #..###...#
###...####†##..#.#
#....#..###......?##
#.##.##.#.....†....###
# #.................#
###.#..........##..
###.##.......@g# #
#..........####......
#..........# ......
#>.........# .....
#..........# ....
#..........# ..
#..........# .
#..........#
#..........#


You could see a hobgoblin.

Vanquished Creatures
  3 ball pythons (D:1)
  A bat (D:1)
  An endoplasm (D:1)
  A giant cockroach (D:1)
  A hobgoblin (D:1)
  A quokka (D:1)
  2 frilled lizards (D:1)
10 creatures vanquished.

Notes
Turn   | Place    | Note
-------+----------+-------------------------------------------
     0 | D:1      | H0rd4k the Human Artificer began the quest for the Orb.
     0 | D:1      | Reached XP level 1. HP: 15/15 MP: 1/1
   515 | D:1      | Reached XP level 2. HP: 12/21 MP: 2/2
   572 | D:1      | Slain by a hobgoblin

Illustrated notes

Levels and vault maps discovered:
D:1:      dpeg_arrival_long_road, layout_rooms

Action                   || total
-------------------------++-------
Melee: Club              ||    54
Evoke: Wand              ||     2
Armor: Leather armour    ||    23
Dodge: Dodged            ||    41
